 Dungeon Crawl Stone Soup version 0.30.1-9-gdf580d7c3d (webtiles) character file.

Game seed: 14153601653411200468

93606 Peloso the Tortoise (level 15, -2/141 HPs)
             Began as a Minotaur Fighter on Sept 29, 2023.
             Was the Champion of Okawaru.
             Killed from afar by a wretched star (9 damage)
             ... with a lance of force
             ... on level 3 of the Abyss.
             The game lasted 00:55:23 (23388 turns).

Peloso the Tortoise (Minotaur Fighter)             Turns: 23388, Time: 00:55:23

Health: -2/141     AC: 46    Str: 24    XL:     15   Next: 61%
Magic:  24/24      EV:  8    Int:  8    God:    Okawaru [******]
Gold:   2030       SH:  8    Dex: 16    Spells: 14/14 levels left

rFire   + + .        a - +9 long sword "Negeiconk" {heavy, Drain rCorr MP+9 Int+3}
rCold   + . .        d - +0 buckler
rNeg    . . .        S - +15 crystal plate armour "Qyag Ceu" {+Blink rF+}
rPois   .            V - +0 hat of Goguc {Str+2}
rElec   .            O - scarf {rC+ rF+}
rCorr   +            (no gloves)
SInv    .            J - +0 pair of boots {Stlth+}
Will    +....        K - amulet of regeneration Stlth
                     t - +4 ring of protection
HPRegen 0.00/turn    (no ring)
MPRegen 0.19/turn

%: no passive effects
@: sick, inhibited regen, studying Armour
A: horns 2, retaliatory headbutt, [screaming 2], [inhibited regeneration],
[subdued magic 2]
a: Renounce Religion, Evoke Blink, Heroism, Finesse, Duel


You were on level 3 of the Abyss.
You worshipped Okawaru.
Okawaru was exalted by your worship.
You visited 4 branches of the dungeon, and saw 22 of its levels.
You visited the Abyss 1 time.
You also visited: Bailey.

You collected 2296 gold pieces.
You spent 266 gold pieces at shops.

Inventory:

Hand Weapons
 a - the +9 long sword "Negeiconk" (weapon) {heavy, Drain rCorr MP+9 Int+3}
   (You took it off an orc warrior in a bailey)

   Int:       It affects your intelligence (+3).
   MP:        It affects your magic capacity (+9).
   rCorr:     It protects you from acid and corrosion.
   Drain:     It drains your maximum health when unequipped.
 b - a +3 scimitar of flaming
Armour
 d - a +0 buckler (worn)
 J - a +0 pair of boots of stealth (worn)
 O - a scarf of resistance (worn)
 S - the +15 crystal plate armour "Qyag Ceu" (worn) {+Blink rF+}
   (Okawaru gifted it to you on level 1 of the Lair of Beasts)

   rF:        It protects you from fire.
   +Blink:    It lets you blink.
 V - the +0 hat of Goguc (worn) {Str+2}
   (Okawaru gifted it to you on level 5 of the Lair of Beasts)

   Str:       It affects your strength (+2).
Jewellery
 m - an amulet of guardian spirit
 o - a ring of see invisible
 s - an amulet of the acrobat
 t - a +4 ring of protection (left hand)
 C - a ring of flight
 K - an amulet of regeneration (around neck)
 P - a ring of ice
 R - a +5 ring of evasion
 W - a ring of fire
Wands
 x - a wand of flame (63)
 y - a wand of quicksilver (13)
 E - a wand of mindburst (8)
 N - a wand of digging (2)
Scrolls
 f - 4 scrolls of blinking
 i - 3 scrolls of poison
 k - 3 scrolls of fear
 l - 2 scrolls of fog {unknown}
 r - 8 scrolls of teleportation
 v - 2 scrolls of brand weapon
 A - 4 scrolls of immolation {unknown}
 B - a scroll of silence
 H - 3 scrolls of magic mapping {unknown}
 L - a scroll of acquirement
 M - 3 scrolls of enchant armour
 Q - 2 scrolls of amnesia
Potions
 e - 7 potions of heal wounds
 h - 9 potions of might
 j - a potion of berserk rage
 p - 2 potions of flight
 z - 2 potions of haste
 D - a potion of resistance
 F - 5 potions of lignification
 G - 2 potions of magic
 I - 4 potions of curing
 T - a potion of ambrosia
Miscellaneous
 q - a lightning rod (4/4)


   Skills:
 + Level 15.5 Fighting
 + Level 17.6 Long Blades
 + Level 19.0 Armour
 + Level 6.4 Dodging
 + Level 1.0 Stealth
 + Level 15.0 Shields
 + Level 0.1 Unarmed Combat
 + Level 1.7 Invocations
 + Level 2.8 Evocations


You had 14 spell levels left.
You didn't know any spells.
Your spell library contained the following spells:

 Spells                   Type           Power      Damage    Failure   Level
 Foxfire                  Conj/Fire      0%         2x1d4     100%        1
 Freeze                   Ice            0%         1d3       100%        1
 Kiss of Death            Conj/Necr      0%         2d5       100%        1
 Shock                    Conj/Air       0%         1d3       100%        1
 Blink                    Tloc           0%         N/A       100%        2
 Cigotuvi's Dreadful Rot  Necr/Pois/Air  0%         N/A       100%        2
 Ensorcelled Hibernation  Hex/Ice        0%         N/A       100%        2
 Lesser Beckoning         Tloc           0%         N/A       100%        2
 Momentum Strike          Conj/Tloc      0%         3d8       100%        2
 Confusing Touch          Hex            0%         N/A       100%        3
 Frozen Ramparts          Ice            0%         1d1       100%        3
 Hailstorm                Conj/Ice       0%         3d3       100%        3
 Ignite Poison            Fire/Tmut/Pois 0%         N/A       100%        3
 Inner Flame              Hex/Fire       0%         N/A       100%        3
 Spider Form              Tmut/Pois      0%         N/A       100%        3
 Swiftness                Air            0%         N/A       100%        3
 Airstrike                Air            0%         2d(0-16)  100%        4
 Anguish                  Hex/Necr       0%         N/A       100%        4
 Dispel Undead            Necr           0%         3d6       100%        4
 Flame Wave               Conj/Fire      0%         2d4       100%        4
 Passage of Golubria      Tloc           0%         N/A       100%        4
 Petrify                  Tmut/Erth      0%         N/A       100%        4
 Sticky Flame             Conj/Fire      0%         2d3       100%        4
 Fireball                 Conj/Fire      0%         3d3       100%        5
 Freezing Cloud           Conj/Ice/Air   0%         6-21      100%        5
 Iskenderun's Battlesphe  Conj           0%         2d6       100%        5
 Metabolic Englaciation   Hex/Ice        0%         N/A       100%        5
 Yara's Violent Unravell  Hex/Tmut       0%         3d3       100%        5
 Conjure Ball Lightning   Conj/Air       0%         3x3d6     100%        6
 Eringya's Noxious Bog    Tmut/Pois      0%         N/A       100%        6
 Plasma Beam              Fire/Air       0%         2x1d11    100%        6
 Starburst                Conj/Fire      0%         6d3       100%        6
 Statue Form              Tmut/Erth      0%         N/A       100%        6
 Orb of Destruction       Conj           0%         9d5       100%        7
 Ignition                 Fire           0%         3d3       100%        8
 Tukima's Dance           Hex            Unusable   N/A       N/A         3
 Summon Forest            Summ/Tloc      Unusable   N/A       N/A         5
 Summon Hydra             Summ           Unusable   N/A       N/A         7

Dungeon Overview and Level Annotations

Branches:
Dungeon (14/15)            Temple (1/1) D:7            Lair (5/5) D:8
  Swamp (0/4) Lair:3        Snake (0/4) Lair:3        Slime (0/5) Lair:5
    Orc (2/2) D:9             Elf (0/3) Orc:2        Vaults (0/5) D:13
 Bailey (visited)

Altars:
Ashenzari
Cheibriados
Dithmenos
Elyvilon
Fedhas
Gozag
Hepliaklqana
Kikubaaqudgha
Makhleb
Nemelex Xobeh
Okawaru
Qazlal
Ru
Sif Muna
Trog
Uskayaw
Vehumet
Wu Jian
Xom
Yredelemnul
Zin
The Shining One
Jiyva
Lugonu

Shops:
D:3 :   D:6 *   Orc:2 (:**

Portals:
Abyss: Lair:5
Pandemonium: Orc:2

Annotations:
Lair:5 Casa


Innate Abilities, Weirdness & Mutations

You have a pair of horns on your head.
You reflexively headbutt those who attack you in melee.
[You frequently scream uncontrollably at your foes.]
[You do not regenerate when monsters are visible.]
[Your spells are easier to cast, but less powerful.]


Message History

The lance of force hits you but does no damage.
You block the raiju's attack. The raiju bites you but does no damage.
A raiju comes into view.
Unknown command.
You slash the raiju! Your headbutt misses the raiju.
The raiju is heavily wounded.
The raiju bites you but does no damage. You block the raiju's attack.
Unknown command.
You slash the raiju!
The raiju is severely wounded.
The raiju bites you but does no damage. You block the raiju's attack.
Unknown command.
You miss the raiju. Your headbutt misses the raiju.
The raiju is severely wounded.
The wretched star glows turbulently.
The lance of force hits you but does no damage.
The raiju bites you but does no damage. x2
A large abomination comes into view.
The wretched star glows turbulently.
The lance of force misses you.
The lance of force hits the raiju!
The raiju dies!
The wretched star pulses with an eldritch light!
Your regeneration stops near monsters.
You barely miss the wretched star. Your headbutt misses the wretched star.
The raiju bites you but does no damage.
The wretched star glows turbulently.
The lance of force hits you!
* * * LOW HITPOINT WARNING * * *
You are knocked back by the lance of force.
You slam into the rock wall!
* * * LOW HITPOINT WARNING * * *
The raiju bites you but does no damage.
The wretched star pulses with an eldritch light!
You feel the urge to shout.
You feel a strong urge to scream.
You hit the wretched star but do no damage.
Your headbutt misses the wretched star. The raiju barely misses you.
The raiju bites you but does no damage.
The wretched star glows turbulently.
The lance of force hits you!
You die...

.## .....##..#.# .
. .......#..*.# #
........#.h...###
##.....X.......
..... #
.......#.....#†..#
## ......##..
h...##
..........##4. ..#
# ...#.....h*#...
# #.........@.##
#4...
#....##..#.h..#.#
.... ##. .
#####..###. .#. #
. ...# .# .# ####
##..# # . #.## ###


You could see a wretched star, a large abomination, 3 raiju and a chaos spawn.

Vanquished Creatures
  Rupert (D:13)
  A tentacled starspawn (Abyss:3)
  An orc warlord (Orc:2)
  Fannar (Lair:1)
  8 vault guards (D:13)
  2 hydras
  3 demonspawn (Orc:2)
  A boulder beetle (D:11)
  A salamander tyrant (D:12)
  2 centaur warriors (D:13)
  A dancing weapon (D:10)
  5 two-headed ogres
  A tengu warrior (D:13)
  3 death yaks
  The ghost of ripuliukko the Thaumaturge, a journeyman DEEE of Vehumet (D:10)
  4 orc high priests (Orc:2)
  Urug (D:9)
  4 thrashing horrors (Lair:5)
  2 skeletal warriors (D:14)
  A deep elf pyromancer (D:14)
  A necromancer (Lair:3)
  Pikel (D:5)
  7 orc knights
  6 ugly things
  10 orc sorcerers
  6 cyclopes
  2 manticores
  15 elephants
  A titan simulacrum (Abyss:3)
  2 rust devils (Orc:2)
  2 gargoyles
  6 smoke demons
  5 black mambas
  12 cane toads
  A molten gargoyle (D:14)
  A dire elephant skeleton (Abyss:3)
  A rime drake (Lair:4)
  2 kobold demonologists (Bailey)
  An ice devil (Orc:2)
  An efreet (D:13)
  12 komodo dragons
  2 polar bears
  4 trolls
  5 large abominations
  4 ancient zymes
  15 blink frogs
  3 raiju (Abyss:3)
  5 dream sheep
  A dream sheep (shapeshifter) (Lair:5)
  5 slime creatures (D:13)
  A culicivora (shapeshifter) (Lair:5)
  17 small abominations
  A spriggan (Lair:5)
  A vampire (D:9)
  3 shadows
  2 ynoxinuls (Lair:5)
  A wraith (D:13)
  A wyvern (D:6)
  Eustachio (D:6)
  A fire bat (D:12)
  7 basilisks
  59 yaks
  3 fire elementals (D:12)
  4 chaos spawn
  2 steam dragons (D:4)
  5 vampire mosquitoes (Lair:3)
  2 wargs
  2 acid dragons
  10 water moccasins
  Duvessa (D:5)
  40 orc warriors
  A sky beast (D:6)
  5 ice beasts
  3 elephant zombies (Lair:3)
  4 black bears
  3 ogres
  11 wolves (Lair:4)
  8 centaurs
  A komodo dragon zombie (Lair:3)
  3 phantoms
  3 kobold brigands
  9 bullfrogs
  6 scorpions
  3 wights (D:7)
  Dowan (D:5)
  3 troll zombies (D:9)
  11 electric eels
  4 howler monkeys
  2 jellies (Lair:5)
  24 orc priests
  Crazy Yiuf (D:5)
  A gnoll bouda (D:7)
  Jessica (D:2)
  3 iguanas
  Natasha (D:2)
  15 orc wizards
  A sleepcap (D:7)
  12 hell rats
  5 ogre zombies (D:9)
  5 gnolls
  10 adders
  2 river rats (Lair:1)
  An ufetubus (D:5)
  2 worms
  2 dart slugs
  64 orcs
  5 ball pythons
  12 bats
  10 endoplasms
  2 giant cockroaches
  15 goblins
  9 hobgoblins
  3 jackals (D:5)
  22 kobolds
  3 quokkas
  3 frilled lizards
  A goblin zombie (D:9)
  A hobgoblin skeleton (D:9)
  3 hobgoblin zombies (D:9)
  4 orc skeletons (D:9)
  16 orc zombies (D:9)
  8 rats
  A butterfly (Lair:1)
696 creatures vanquished.

Vanquished Creatures (others)
  A wizard (D:8)
  A raiju (Abyss:3)
  3 orcs
  A lurking horror (Abyss:3)
  4 starspawn tentacles (Abyss:3)
10 creatures vanquished.

Grand Total: 706 creatures vanquished

Notes
Turn   | Place    | Note
-------+----------+-------------------------------------------
     0 | D:1      | Peloso the Minotaur Fighter began the quest for the Orb.
     0 | D:1      | Reached XP level 1. HP: 19/19 MP: 0/0
   241 | D:1      | Reached XP level 2. HP: 27/27 MP: 1/1
   793 | D:2      | Noticed Jessica
   801 | D:2      | Killed Jessica
   802 | D:2      | Reached XP level 3. HP: 22/33 MP: 2/2
   964 | D:2      | You fall into a shaft and drop 2 floors!
   974 | D:4      | Found a large runed translucent door.
   974 | D:4      | Found a large runed translucent door.
   990 | D:4      | Noticed a yak
   990 | D:4      | Noticed a steam dragon
  1004 | D:4      | Found a large runed translucent door.
  1004 | D:4      | Found a large runed translucent door.
  1033 | D:3      | Found a faded altar of an unknown god.
  1038 | D:3      | Reached skill level 1 in Dodging
  1046 | D:3      | Reached XP level 4. HP: 40/40 MP: 3/3
  1223 | D:3      | Reached skill level 4 in Armour
  1527 | D:2      | Noticed Natasha
  1533 | D:2      | Killed Natasha
  1824 | D:3      | Found a glowing silver altar of Zin.
  1997 | D:3      | Found a sacrificial altar of Ru.
  2133 | D:3      | Found Wogefita's Book Emporium.
  2254 | D:4      | Noticed a scorpion
  2257 | D:4      | Killed a scorpion
  2258 | D:4      | Reached XP level 5. HP: 47/47 MP: 4/4
  2274 | D:4      | Noticed a black bear
  2285 | D:4      | Killed a black bear
  2286 | D:4      | Reached skill level 5 in Long Blades
  2286 | D:4      | Reached skill level 5 in Shields
  2286 | D:4      | Reached XP level 6. HP: 37/53 MP: 5/5
  2500 | D:4      | Noticed a steam dragon
  2508 | D:4      | Killed a steam dragon
  2509 | D:4      | Reached skill level 5 in Armour
  2746 | D:4      | Reached XP level 7. HP: 51/60 MP: 6/6
  3055 | D:4      | Found a hazy altar of Hepliaklqana.
  3504 | D:5      | Entered Level 5 of the Dungeon
  3531 | D:5      | Noticed Pikel
  3557 | D:5      | Killed Pikel
  3558 | D:5      | Reached skill level 5 in Fighting
  3558 | D:5      | Reached skill level 6 in Armour
  3558 | D:5      | Reached XP level 8. HP: 36/69 MP: 7/7
  3561 | D:5      | Reached skill level 7 in Armour
  3689 | D:5      | Noticed a two-headed ogre
  3698 | D:5      | Killed a two-headed ogre
  3699 | D:5      | Reached skill level 8 in Armour
  3714 | D:5      | Reached XP level 9. HP: 60/75 MP: 8/8
  3760 | D:5      | Reached skill level 1 in Evocations
  3904 | D:5      | Noticed Dowan
  3904 | D:5      | Noticed Duvessa
  3910 | D:5      | Killed Duvessa
  3919 | D:5      | Killed Dowan
  4182 | D:5      | Found a runed translucent door.
  4185 | D:5      | Noticed Crazy Yiuf
  4189 | D:5      | Killed Crazy Yiuf
  4308 | D:6      | Found a hide-covered altar of Uskayaw.
  4342 | D:6      | Noticed Eustachio
  4370 | D:6      | Killed Eustachio
  4371 | D:6      | Reached skill level 9 in Armour
  4436 | D:6      | Found Poofucki's Lightly-Used Armoury.
  4488 | D:6      | Identified the +0 cloak of the Lost Path {*Slow Int+5}
  4938 | D:6      | Reached skill level 10 in Armour
  4957 | D:6      | Found a shimmering altar of Xom.
  4983 | D:6      | Found a sparkling altar of Nemelex Xobeh.
  5357 | D:7      | Reached skill level 10 in Long Blades
  5470 | D:7      | Found a burning altar of Makhleb.
  5491 | D:7      | Reached XP level 10. HP: 84/86 MP: 9/9
  5578 | D:7      | Found a staircase to the Ecumenical Temple.
  5609 | Temple   | Entered the Ecumenical Temple
  6053 | D:7      | Found an ancient bone altar of Kikubaaqudgha.
  6408 | D:8      | Identified the +2 ring mail of Distant Worlds {rN++ rCorr
                  | Str-5 Int+2}
  6628 | D:8      | Found a blossoming altar of Fedhas.
  6632 | D:8      | Found an opulent altar of Gozag.
  6632 | D:8      | Found a stormy altar of Qazlal.
  6639 | D:8      | Found an iron altar of Okawaru.
  6639 | D:8      | Found a glowing golden altar of the Shining One.
  6647 | D:8      | Became a worshipper of Warmaster Okawaru
  6866 | D:8      | Found a bloodstained altar of Trog.
  6867 | D:8      | Noticed a wizard
  6873 | D:8      | Killed a wizard
  6925 | D:8      | Found a staircase to the Lair.
  6940 | D:8      | Reached skill level 11 in Armour
  7204 | D:9      | Found a white marble altar of Elyvilon.
  7523 | D:9      | Found a staircase to the Orcish Mines.
  7539 | D:9      | Reached skill level 5 in Dodging
  7565 | D:9      | Reached * piety under Okawaru
  7618 | D:9      | Found a flagged portal.
  7627 | Bailey   | Entered a bailey
  7842 | Bailey   | Noticed an orc knight
  7868 | Bailey   | Killed an orc knight
  8390 | Bailey   | Identified the +9 long sword "Negeiconk" {heavy, Drain
                  | rCorr MP+9 Int+3}
  8401 | Bailey   | Found an iron altar of Okawaru.
  8404 | Bailey   | Noticed an orc knight
  8415 | Bailey   | Killed an orc knight
  8416 | Bailey   | Reached XP level 11. HP: 83/94 MP: 7/10
  8454 | Bailey   | Reached ** piety under Okawaru
  8698 | D:9      | Reached skill level 12 in Armour
  9173 | D:10     | Entered Level 10 of the Dungeon
  9184 | D:10     | Reached *** piety under Okawaru
  9474 | D:10     | Found a runed translucent door.
  9474 | D:10     | Found a shimmering altar of Xom.
  9474 | D:10     | Noticed ripuliukko's ghost (journeyman DEEE)
  9474 | D:10     | Noticed a +1 scimitar of chaos
 10179 | Lair:1   | Entered Level 1 of the Lair of Beasts
 10179 | Lair:1   | Noticed Fannar
 10189 | D:8      | Reached **** piety under Okawaru
 10357 | Lair:1   | Killed Fannar
 10547 | Lair:1   | Reached ***** piety under Okawaru
 11517 | Lair:2   | Noticed an eight-headed hydra
 11524 | Lair:1   | Identified the +15 crystal plate armour "Qyag Ceu" {+Blink
                  | rF+} (Okawaru gifted it to you on level 1 of the Lair of
                  | Beasts)
 11524 | Lair:1   | Received a gift from Okawaru
 11525 | Lair:1   | Reached XP level 12. HP: 99/105 MP: 11/11
 11554 | Lair:2   | Killed a 15-headed hydra
 11802 | Lair:2   | Reached skill level 10 in Fighting
 11849 | Lair:2   | Reached skill level 13 in Armour
 11909 | Lair:2   | Reached skill level 1 in Stealth
 11915 | Lair:2   | Reached skill level 10 in Shields
 12004 | Lair:2   | Reached skill level 1 in Invocations
 12694 | Lair:2   | Identified the +1 robe of Kugg {MP+9}
 13007 | Lair:3   | Found a staircase to the Snake Pit.
 13013 | Lair:3   | Reached skill level 15 in Long Blades
 13017 | Lair:3   | Found a staircase to the Swamp.
 13534 | Lair:3   | Reached ****** piety under Okawaru
 13534 | Lair:3   | Received a gift from Okawaru
 13677 | Lair:3   | Reached XP level 13. HP: 116/116 MP: 13/13
 14103 | D:11     | Reached skill level 14 in Armour
 15226 | Orc:1    | Entered Level 1 of the Orcish Mines
 15226 | Orc:1    | Noticed Urug
 15240 | D:9      | Killed Urug
 15420 | Orc:2    | Entered Level 2 of the Orcish Mines
 15653 | Orc:2    | Paralysed by an orc sorcerer for 4 turns
 15658 | Orc:2    | Identified the +1 great sword of Victory {drain, rF+ Str-3
                  | Dex+6 Stlth+} (Okawaru gifted it to you on level 2 of the
                  | Orcish Mines)
 15658 | Orc:2    | Received a gift from Okawaru
 15832 | Orc:2    | Found Miunn's General Store.
 15887 | Orc:2    | Found Kink's General Store.
 15921 | Orc:2    | Bought a scroll of brand weapon for 133 gold pieces
 15921 | Orc:2    | Bought a scroll of identify for 28 gold pieces
 15921 | Orc:2    | Bought a scroll of blinking for 105 gold pieces
 16090 | Orc:2    | Found a staircase to the Elven Halls.
 16270 | Orc:2    | Reached skill level 15 in Armour
 16283 | Orc:2    | Received a gift from Okawaru
 16400 | Orc:2    | Paralysed by an orc sorcerer for 2 turns
 16404 | Orc:2    | Paralysed by an orc sorcerer for 2 turns
 16684 | Orc:2    | Paralysed by an orc sorcerer for 2 turns
 16734 | Orc:2    | Reached XP level 14. HP: 93/129 MP: 14/14
 16763 | Orc:2    | Found Itoiron's Antique Weapon Boutique.
 16763 | Orc:2    | Found Cizxesch's Book Shop.
 16764 | Orc:2    | Found a one-way gate leading to the halls of Pandemonium.
 16919 | Orc:1    | Paralysed by an orc sorcerer for 2 turns
 16923 | Orc:1    | Noticed an orc warlord
 16977 | Orc:2    | Killed an orc warlord
 17486 | D:12     | Reached skill level 16 in Armour
 17651 | D:12     | Got the +4 demon whip "Rolieg" {flame, *Noise rPois Str+2
                  | Int+5}
 18637 | Lair:4   | Received a gift from Okawaru
 18766 | Lair:4   | Received a gift from Okawaru
 19225 | Lair:5   | Entered Level 5 of the Lair of Beasts
 19615 | Lair:5   | Found a runed translucent door.
 19615 | Lair:5   | Found a viscous altar of Jiyva.
 19688 | Lair:5   | Identified the +0 hat of Goguc {Str+2} (Okawaru gifted it
                  | to you on level 5 of the Lair of Beasts)
 19688 | Lair:5   | Received a gift from Okawaru
 19745 | Lair:5   | Found a blossoming altar of Fedhas.
 20081 | Lair:5   | Reached skill level 17 in Armour
 20324 | Lair:5   | Reached XP level 15. HP: 130/139 MP: 15/15
 20353 | Lair:5   | Found a corrupted altar of Lugonu.
 20353 | Lair:5   | Found a one-way gate to the infinite horrors of the Abyss.
 20358 | Lair:5   | Identified the +0 plate armour of Xom's Envy {+Blink rF+
                  | Will-}
 20511 | Lair:5   | Found a staircase to the Slime Pits.
 20845 | D:4      | Identified the +2 flail of Poes {flame, Str+2 Int+3}
 21014 | D:10     | Killed ripuliukko's ghost
 21542 | D:13     | Noticed Rupert
 21551 | D:13     | Killed Rupert
 21552 | D:13     | Reached skill level 15 in Fighting
 21797 | D:13     | Found a gate to the Vaults.
 21840 | D:13     | Reached skill level 18 in Armour
 22346 | D:13     | Received a gift from Okawaru
 23168 | Abyss:3  | Cast into level 3 of the Abyss (skeletal warrior)
 23255 | Abyss:3  | HP: 7/141 [lurking horror (5)]
 23322 | Abyss:3  | Noticed a tentacled starspawn
 23322 | Abyss:3  | Noticed a tentacled starspawn
 23353 | Abyss:3  | Killed a tentacled starspawn
 23354 | Abyss:3  | Reached skill level 15 in Shields
 23356 | Abyss:3  | Reached skill level 19 in Armour
 23386 | Abyss:3  | HP: 7/141 [rock wall collision (8)]
 23388 | Abyss:3  | Killed from afar by a wretched star

Illustrated notes

Levels and vault maps discovered:
D:1:      minmay_arrival_jagged, layout_rooms, serial_bayou_pond_e, hex_medium
D:2:      layout_basic, uniq_natasha, uniq_jessica
D:3:      layout_rooms, mainiacjoe_overflow_alcove_4, old_standard_altar,
          serial_shops, shop, shapermc_ecumenical_altar_starsandcircs
D:4:      layout_gridville, nicolae_hepliaklqana_hippocampus, corexii_shack,
          minmay_hollow_rounded_squares
D:5:      layout_rooms, chequers_serial_rivers_marsh, uniq_duvessa,
          uniq_crazy_yiuf_cottage, uniq_pikel
D:6:      layout_gridville, nemelex_diamond_rough_becter,
          mainiacjoe_overflow_alcove_1, overflow_temple_1_default,
          minmay_shop_damaged, uniq_eustachio
D:7:      layout_basic, mainiacjoe_overflow_surrounded_room,
          lemuel_doored_altar, minmay_temple_entry_overgrown,
          minmay_misc_feat_cross
D:8:      layout_loops_ring, trog_wizard, minmay_overflow_temple_star_hex,
          david_lair_shrubbed
D:9:      layout_small_grid, lemuel_crystal_altar, zombieorc2_lemuel,
          enter_bailey_4, chequers_garden
D:10:     layout_irregular_city, ebering_ghost_xom
D:11:     layout_basic
D:12:     minmay_firetagon, layout_cave_pools, minmay_crystal_room
D:13:     layout_loops_ring, erik_vaults_2, uniq_rupert
D:14:     layout_basic, minmay_hidden_floor
Temple:   hellmonk_temple_two_chambers
Lair:1:   layout_cellular_growth, kennysheep_abandoned_house,
          lemuel_fruit_fields, uniq_fannar
Lair:2:   layout_roguey, serial_bayou_shore_b
Lair:3:   pond_and_an_island_with_a_cottage, layout_regular_city,
          minmay_swamp_entry_swarm, guppyfry_snake_entry_garden
Lair:4:   layout_cave_pods, grunt_megastairs_4, infiniplex_staircase_pool_2,
          serial_bayou_shore_a
Lair:5:   hellmonk_lair_end_abyssal_woods, layout_gridlike, slime_entry_2,
          basic_altar
Orc:1:    layout_diamond_mine, uniq_urug
Orc:2:    pf_orc_diabolical, layout_diamond_mine
Abyss:3:  base: D:12, minivault_13

Skill      XL: |  1  2  3  4  5  6  7  8  9 10 11 12 13 14 15 |
---------------+----------------------------------------------+-----
Shields        | 4 5 6 7 9 11 12 13 15 | 15.0
Fighting       | 4 5 6 7 8 9 11 13 14 15 | 15.5
Long Blades    | 3 4 5 7 8 10 11 13 15 16 17 | 17.6
Dodging        | 1 2 3 4 5 6 |  6.4
Armour         | 4 5 6 8 10 11 12 13 15 17 19 | 19.0
Evocations     | 2 |  2.8
Stealth        | 1 |  1.0
Invocations    | 1 |  1.7
Unarmed Combat | |  0.1

Action                     |  1- 3 |  4- 6 |  7- 9 | 10-12 | 13-15 || total
---------------------------+-------+-------+-------+-------+-------++-------
  Melee: Long sword        |    78 |   109 |   222 |   711 |  1095 ||  2215
         Headbutt          |     7 |    20 |    43 |   180 |   253 ||   503
         Unarmed           |       |     1 |       |       |       ||     1
 Invoke: Heroism           |       |       |       |     6 |     8 ||    14
  Evoke: Lightning rod     |       |       |     6 |     5 |       ||    11
         Phial of floods   |       |       |     2 |     1 |       ||     3
         Wand              |       |       |     2 |     8 |     3 ||    13
    Use: Potion            |     4 |       |       |     1 |     4 ||     9
         Scroll            |       |       |       |     7 |    14 ||    21
 Armour: Scale mail        |    49 |    56 |     9 |       |       ||   114
         Chain mail        |       |       |    97 |   316 |       ||   413
         Crystal plate arm |       |       |       |   246 |  1216 ||  1462
  Dodge: Dodged            |    47 |    75 |   135 |   527 |   420 ||  1204
  Block: Buckler           |    21 |    28 |    73 |   278 |   508 ||   908
